 Dungeon Crawl Stone Soup version 0.26.1-16-g4e020e15dc (webtiles) character file.

Game seed: 4427274202302437089

5126 Twinkles the Transmogrifier (level 10, -31/75 (80) HPs)
             Began as a Merfolk Transmuter on Apr 11, 2023.
             Was a Believer of Ashenzari.
             Annihilated by a boulder beetle (54 damage)
             ... on level 8 of the Dungeon.
             The game lasted 01:06:37 (15480 turns).

Twinkles the Transmogrifier (Merfolk Transmuter)   Turns: 15480, Time: 01:06:38

HP:   -31/75 (80)   AC:  6    Str: 13    XL:     10   Next: 58%
MP:   11/13         EV: 29    Int: 13    God:    Ashenzari [**....]
Gold: 469           SH:  0    Dex: 20    Spells: 2/13 levels left

rFire    . . .     SeeInvis .     - Unarmed
rCold    . . .     Faith    .   (shield currently unavailable)
rNeg     . . .     Spirit   .   (armour currently unavailable)
rPois    x         Reflect  .   (helmet currently unavailable)
rElec    .         Harm     .   (cloak currently unavailable)
rCorr    .         Rampage  .   (gloves currently unavailable)
Will     .....                  (boots currently unavailable)
Stlth    ++++......             d - amulet of inaccuracy (curse)
HPRegen  0.22/turn              g - +4 ring of protection (curse)
MPRegen  0.13/turn              o - ring of stealth

@: spider-form (expiring), drained
A: tiny, (change form in water), (swift swim), (stealthy swim)
a: End Transformation, Renounce Religion, Curse Item, Scrying


You were on level 8 of the Dungeon.
You worshipped Ashenzari.
Ashenzari was pleased with you.
You were a venomous arachnid creature.
You visited 1 branch of the dungeon, and saw 8 of its levels.
You also visited: Sewer.

You collected 469 gold pieces.

Inventory:

Hand Weapons
 y - a +1 hunting sling
 G - the +8 dagger "Locy" {elec, *Slow rC+ SInv}
   (You found it on level 5 of the Dungeon)

   Occasionally, upon striking a foe, it can discharge electrical energy and
   cause terrible harm.
   It protects you from cold.
   It lets you see invisible.
   It may slow you when you take damage.
Missiles
 j - 6 silver javelins
 l - 33 poisoned darts
 s - 14 boomerangs
Armour
 a - a +0 robe
 i - a +0 cloak
 t - a +0 leather armour (melded)
 B - a cursed +2 helmet (melded)
 E - the cursed +0 chain mail of the Hot Ocelot {Harm Str+7 Stlth-}
   (You found it on level 5 of the Dungeon)

   It affects your strength (+7).
   It increases damage dealt and taken.
   It makes you less stealthy.
   It has a curse placed upon it.
 K - a cursed scarf of shadows (melded)
 O - a +0 buckler
Jewellery
 d - a cursed amulet of inaccuracy (around neck)
 g - a cursed +4 ring of protection (left front leg)
 m - an uncursed ring of willpower
 o - a ring of stealth (right front leg)
 v - an uncursed amulet of magic regeneration
 D - an uncursed ring of ice
 M - an uncursed ring of magical power
Wands
 w - a wand of iceblast (14)
 x - a wand of polymorph (13)
 F - a wand of flame (11)
Scrolls
 c - a scroll of enchant weapon
 k - a scroll of blinking
 r - 5 scrolls of teleportation {unknown}
 z - 2 scrolls of remove curse
 C - 2 scrolls of immolation
 H - 2 scrolls of fog
 I - a scroll of identify
Potions
 b - 4 potions of lignification
 e - 2 potions of degeneration
 f - a potion of curing
 h - 4 potions of flight
 n - a potion of cancellation
 p - 3 potions of resistance
 q - 3 potions of berserk rage {unknown}
 u - a potion of attraction
 A - a potion of magic
 L - a potion of brilliance {unknown}
 N - a potion of ambrosia {unknown}


   Skills:
 + Level 7.9 Fighting
 + Level 9.1 Dodging
 - Level 3.1 Stealth
 + Level 9.5 Unarmed Combat
 - Level 2.0 Spellcasting
 + Level 10.0(11.3) Transmutations
 - Level 3.6(4.9) Poison Magic


You had 2 spell levels left.
You knew the following spells:

 Your Spells              Type           Power        Failure   Level
a - Beastly Appendage     Tmut           60%          2%          1
b - Wereblood             Tmut           30%          3%          2
c - Spider Form           Tmut/Pois      11%          10%         3
d - Blade Hands           Tmut           15%          19%         5

Your spell library contained the following spells:

 Spells                   Type           Power        Failure   Level
 Corona                   Hex            1%           45%         1
 Magic Dart               Conj           4%           45%         1
 Blink                    Tloc           N/A          56%         2
 Call Imp                 Summ           1%           56%         2
 Ensorcelled Hibernation  Hex/Ice        2%           56%         2
 Slow                     Hex            1%           56%         2
 Ice Form                 Ice/Tmut       16%          45%         4
 Mephitic Cloud           Conj/Pois/Air  5%           58%         3
 Confusing Touch          Hex            1%           77%         3
 Conjure Flame            Conj/Fire      1%           77%         3
 Dazzling Flash           Conj/Hex       2%           77%         3
 Tukima's Dance           Hex            1%           77%         3


Dungeon Overview and Level Annotations

Branches:
Dungeon (8/15)             Temple (0/1) D:7           Sewer (visited)
   Lair: D:8-11

Altars:
Ashenzari
Cheibriados
Dithmenos
Fedhas
Hepliaklqana
Makhleb
Okawaru
Wu Jian
Yredelemnul
Zin

Shops:
D:6 (

Annotations:
D:3 exclusions: orc priest and quokka
D:5 Prince Ribbit
D:6 2 transporters, BiteMe's ghost, novice DrCj
D:7 exclusion: upstairs, Dowan; Maggie
D:8 exclusion: two-headed ogre, Harold


Message History

The boulder beetle hits you!!
The boulder beetle stops rolling and uncurls.
You hit the boulder beetle but do no damage.
The boulder beetle is poisoned.
The boulder beetle bites you!
You hit the boulder beetle but do no damage.
The boulder beetle looks as sick as possible!
The boulder beetle is lightly wounded.
The boulder beetle barely misses you.
You hit the boulder beetle but do no damage.
The boulder beetle is lightly wounded.
You hit the boulder beetle but do no damage.
The boulder beetle looks as sick as possible!
The boulder beetle is lightly wounded.
The boulder beetle bites you!
* * * LOW HITPOINT WARNING * * *
Your transformation is almost over.
The boulder beetle curls into a ball and begins rolling!
The boulder beetle hits you!!!
Ouch! That really hurt!
You die...

#..................'.+.........+
###..#####..........###....$..###
.........#..........###.......# #
##.#.###..............#.......# #
..............).......#.......# #
.#.#..................#.......###
+#.#.....#..###....####...O......
...#.....#..###....####.,,,,,....
...#............s.....>..,,,,....
...#.....#.....B###......,,,,...#
...#....###....○# #.............#
.#.#...##.##...°# #.............#
......##...##..°# #.............+
(....##..#..##..###.............#
....##..###..##.#.+.............#
...##..##)##..##..#.............#
..##..##..}##..##.#.............#


You could see a boulder beetle (very poisoned).

Vanquished Creatures
  Pikel (D:7)
  Grinder (D:4)
  A wyvern (D:8)
  Grum (D:8)
  Edmund (D:6)
  2 orc warriors
  2 phantoms
  3 sky beasts (D:7)
  5 ogres
  3 wolves (D:8)
  2 centaurs
  A lemure (D:7)
  4 big kobolds
  A bullfrog (D:6)
  A wyvern zombie (D:6)
  A water moccasin zombie (D:5)
  A wyvern skeleton (D:8)
  4 scorpions
  7 wights (D:8)
  3 jellies
  A quasit (D:8)
  A bullfrog zombie (D:8)
  3 centaur zombies
  5 orc priests
  A centaur skeleton (D:8)
  8 hounds
  10 orc wizards
  3 iguanas
  7 worker ants
  A hound skeleton (D:5)
  A howler monkey zombie (D:8)
  A worker ant zombie (D:6)
  3 gnolls (D:5)
  3 howler monkey skeletons
  14 adders
  2 river rats
  A shadow imp (D:7)
  A white imp (D:7)
  6 oozes
  2 adder skeletons
  2 adder zombies (D:7)
  7 worms
  8 leopard geckos
  26 orcs
  5 giant cockroaches
  7 goblins
  4 hobgoblins
  9 jackals
  7 quokkas
  5 ball pythons
  5 bats
  8 frilled lizards
  A giant cockroach zombie (D:5)
  13 kobolds
  2 leopard gecko skeletons
  2 quokka skeletons (D:5)
  12 rats
242 creatures vanquished.

Vanquished Creatures (others)
  5 plants (D:7)
5 creatures vanquished.

Grand Total: 247 creatures vanquished

Notes
Turn   | Place    | Note
-------+----------+-------------------------------------------
     0 | D:1      | Twinkles the Merfolk Transmuter began the quest for the
                  | Orb.
     0 | D:1      | Reached XP level 1. HP: 15/15 MP: 3/3
   460 | D:1      | Reached XP level 2. HP: 21/21 MP: 3/5
   469 | D:1      | Learned a level 2 spell: Wereblood
  1088 | D:2      | Found a snail-covered altar of Cheibriados.
  1113 | D:2      | HP: 4/22 [frilled lizard (3)]
  1372 | D:1      | Reached XP level 3. HP: 26/27 MP: 4/6
  1740 | D:2      | HP: 7/27 [kobold/+0 club (2)]
  1747 | D:2      | HP: 6/27 [jackal (1)]
  2076 | D:2      | Reached XP level 4. HP: 19/33 MP: 4/7
  2445 | D:3      | HP: 8/33 [worm (5)]
  2714 | D:3      | Found a glowing silver altar of Zin.
  2936 | D:3      | Found a burning altar of Makhleb.
  3694 | D:3      | Reached skill level 1 in Stealth
  4011 | D:4      | Reached XP level 5. HP: 35/39 MP: 6/8
  4103 | D:4      | Reached skill level 5 in Unarmed Combat
  4254 | D:4      | Found a glowing drain.
  4258 | Sewer    | Entered a sewer
  4591 | Sewer    | Noticed a big kobold
  4595 | Sewer    | Noticed a big kobold
  4675 | Sewer    | Reached skill level 3 in Transmutations
  5245 | Sewer    | Noticed a big kobold
  5411 | Sewer    | HP: 11/40 [big kobold/+0 short sword (5)]
  5414 | Sewer    | HP: 3/40 [big kobold/+0 short sword (6)]
  5420 | Sewer    | Killed a big kobold
  5421 | Sewer    | Reached XP level 6. HP: 2/47 MP: 9/9
  5779 | Sewer    | HP: 9/47 [worm (9)]
  6249 | D:4      | Found a broken altar of Ashenzari.
  6272 | D:4      | Reached XP level 7. HP: 28/52 MP: 10/10
  6457 | D:4      | Became a worshipper of Ashenzari the Shackled
  6698 | D:4      | Noticed Grinder
  6720 | D:4      | HP: 15/52 [Grinder (5)]
  6725 | D:4      | HP: 4/52 [Grinder (8)]
  6726 | D:4      | Killed Grinder
  6727 | D:4      | Reached skill level 5 in Dodging
  6727 | D:4      | Reached skill level 4 in Transmutations
  7357 | D:4      | Reached skill level 1 in Poison Magic
  7791 | D:4      | Reached XP level 8. HP: 60/60 MP: 8/11
  7877 | D:4      | Reached skill level 5 in Transmutations
  8276 | D:5      | Entered Level 5 of the Dungeon
  8276 | D:5      | Found an iron altar of Okawaru.
  8380 | D:4      | HP: 18/61 [orc priest/divine providence (10)]
  8962 | D:5      | Reached skill level 6 in Transmutations
  9060 | D:5      | Noticed Prince Ribbit
  9145 | D:5      | Got the cursed chain mail of the Hot Ocelot {Harm Str+7
                  | Stlth-}
  9150 | D:5      | Learned a level 3 spell: Spider Form
  9310 | D:5      | Reached skill level 5 in Fighting
  9513 | D:5      | Found a shadowy altar of Dithmenos.
  9744 | D:5      | Reached * piety under Ashenzari
  9748 | D:5      | Got the dagger "Locy" {elec, *Slow rC+ SInv}
  9770 | D:5      | Reached skill level 7 in Transmutations
  9772 | D:5      | Reached XP level 9. HP: 68/68 MP: 10/12
 10250 | D:6      | Found Zyghof's Weapon Shoppe.
 10281 | D:6      | Found a transporter.
 10546 | D:6      | Found a transporter.
 10552 | D:6      | Noticed BiteMe's ghost (novice DrCj)
 10670 | D:6      | Found a basalt altar of Yredelemnul.
 10686 | D:6      | Noticed Edmund
 10705 | D:6      | Killed Edmund
 11308 | D:7      | Noticed Pikel
 11502 | D:7      | Killed Pikel
 11503 | D:7      | Reached skill level 8 in Transmutations
 11606 | D:7      | Noticed Maggie
 11845 | D:7      | Noticed a cyclops
 11946 | D:7      | Found a blossoming altar of Fedhas.
 12111 | D:7      | Found a hazy altar of Hepliaklqana.
 12221 | D:7      | Reached XP level 10. HP: 77/77 MP: 10/13
 12418 | D:7      | Reached skill level 9 in Transmutations
 12805 | D:7      | Noticed Dowan
 12828 | D:7      | Found a staircase to the Ecumenical Temple.
 12841 | D:7      | Learned a level 5 spell: Blade Hands
 13291 | D:8      | Noticed a boulder beetle
 13800 | D:8      | Reached ** piety under Ashenzari
 14119 | D:8      | Noticed Harold
 14174 | D:8      | Noticed Grum
 14199 | D:8      | Killed Grum
 14519 | D:8      | Noticed a two-headed ogre
 14528 | D:8      | Found an ornate altar of the Wu Jian Council.
 15150 | D:8      | Reached skill level 10 in Transmutations
 15474 | D:8      | HP: 21/75 [boulder beetle (14)]
 15480 | D:8      | Annihilated by a boulder beetle

Illustrated notes

Levels and vault maps discovered:
D:1:      ncdulo_wetmaze, layout_basic
D:2:      layout_basic, cheibriados_altar_1, minmay_box_of_dots
D:3:      layout_basic, general_overflow_altar, zin_statuary
D:4:      layout_basic, ashenzari_altar_1, gup_sewer_entry_bowl, uniq_grinder
D:5:      layout_basic, grunt_dithmenos_shadows, okawaru_metal_pillars_1_2,
          uniq_prince_ribbit1
D:6:      layout_loops_cross, lemuel_doored_altar, gammafunk_ghost_stat_death,
          serial_shops, shop, uniq_edmund
D:7:      nzn_winding_woodlands_medium [nzn_winding_woodlands_5x5_open_star,
          nzn_winding_woodlands_5x15_garden,
          nzn_winding_woodlands_5x5_perimeter, nzn_winding_woodlands_5x5_cross,
          nzn_winding_woodlands_center_pierced_h,
          nzn_winding_woodlands_5x5_closed_star,
          nzn_winding_woodlands_5x5_three, nzn_winding_woodlands_5x15_eye,
          nzn_winding_woodlands_5x5_default], layout_loops_ring,
          old_standard_altar, nzn_hepliaklqana_mist_gate,
          minmay_temple_entry_tees, minmay_misc_feat_hallway, uniq_pikel,
          uniq_maggie, uniq_duvessa
D:8:      layout_basic, pdpol_wu_jian_five_deadly_venoms, minmay_diamond_spiral,
          uniq_harold, uniq_grum

Skill      XL: |  1  2  3  4  5  6  7  8  9 10 |
---------------+-------------------------------+-----
Dodging        | 3 4 5 7 9 |  9.1
Unarmed Combat | 4 5 6 7 8 9 |  9.5
Fighting       | 2 3 4 5 6 7 |  7.9
Stealth        | 1 2 3 |  3.1
Transmutations | 3 4 7 8 10 | 10.0
Poison Magic   | 1 3 |  3.6
Spellcasting   | |  2.0

Action                   |  1- 3 |  4- 6 |  7- 9 | 10-12 || total
-------------------------+-------+-------+-------+-------++-------
Melee: Unarmed           |   132 |   287 |   461 |   195 ||  1075
       Headbutt          |    15 |    25 |    25 |       ||    65
       Punch             |     1 |     3 |     5 |       ||     9
       Tailslap          |       |     9 |       |       ||     9
Throw: Javelin           |     3 |       |       |       ||     3
       Dart              |       |     1 |    25 |       ||    26
 Cast: Beastly Appendage |    21 |    40 |    35 |     1 ||    97
       Wereblood         |     4 |     2 |     4 |     2 ||    12
       Spider Form       |       |       |    40 |    28 ||    68
       Blade Hands       |       |       |       |    11 ||    11
Invok: Curse Item        |       |       |       |     2 ||     2
  Use: Scroll            |       |     4 |     6 |     7 ||    17
       Potion            |       |     1 |     1 |       ||     2
 Stab: Sleeping          |     1 |    13 |     8 |     3 ||    25
Armor: Robe              |    11 |     8 |       |       ||    19
       Leather armour    |       |    21 |    43 |     9 ||    73
       Skin              |       |       |    15 |     7 ||    22
Dodge: Dodged            |    68 |   166 |   291 |   153 ||   678
